 Dungeon Crawl Stone Soup version 0.22-a0-433-gd2a9cce (webtiles) character file.

6 Mgcat the Chopper (level 1, -7/28 HPs)
             Began as a Hill Orc Berserker on May 28, 2018.
             Was a Follower of Trog.
             Mangled by a worm (8 damage)
             ... on level 2 of the Dungeon.
             The game lasted 00:00:22 (158 turns).

Mgcat the Chopper (Hill Orc Berserker)               Turns: 158, Time: 00:00:23

Health: -7/28      AC:  2    Str: 24    XL:     1   Next: 90%
Magic:  1/1        EV: 12    Int: 12    God:    Trog [*.....]
Gold:   0          SH:  0    Dex: 10    Spells: 0/0 levels left

rFire    . . .     SeeInvis .   a - +0 hand axe
rCold    . . .     Gourm    .   (no shield)
rNeg     . . .     Faith    .   b - +0 animal skin
rPois    .         Spirit   .   (no helmet)
rElec    .         Reflect  .   (no cloak)
rCorr    .         Harm     .   (no gloves)
MR       .....                  (no boots)
Stlth    ..........             (no amulet)
HPRegen  0.09/turn              h - +5 ring of intelligence
MPRegen  0.07/turn              (no ring)

@: berserking, very quick
A: no striking features
a: Berserk, Renounce Religion


You were on level 2 of the Dungeon.
You worshipped Trog.
Trog was aware of your devotion.
You were not hungry.

You visited 1 branch of the dungeon, and saw 2 of its levels.

Inventory:

Hand Weapons
 a - a +0 hand axe (weapon)
Armour
 b - a +0 animal skin (worn)
Jewellery
 h - a +5 ring of intelligence (left hand)
   (You found it on level 1 of the Dungeon)
Scrolls
 f - a scroll of remove curse {unknown}
 g - a scroll of fear {unknown}
Potions
 e - a potion of haste {unknown}
Comestibles
 c - a ration
 d - 5 chunks of flesh {@w0}


   Skills:
 - Level 3.6 Fighting
 + Level 4.6 Axes
 - Level 2.1 Armour
 - Level 1.5 Dodging


You couldn't memorise any spells.
You didn't know any spells.
Your spell library was empty.

Dungeon Overview and Level Annotations

Branches:
Dungeon (2/15)

Altars:


Message History

There is an open door here. 2 giant cockroaches come into view.
A goblin comes into view. It is wielding a dagger.
The goblin shouts!
You hit the giant cockroach.
The giant cockroach is severely wounded.
The giant cockroach barely misses you.
You closely miss the giant cockroach.
The giant cockroach is severely wounded.
The giant cockroach bites you but does no damage.
The giant cockroach misses you.
You hit the giant cockroach.
You kill the giant cockroach!
Trog accepts your kill. The giant cockroach closely misses you.
You barely miss the giant cockroach. The giant cockroach closely misses you.
You hit the giant cockroach.
The giant cockroach is lightly wounded.
The giant cockroach bites you.
You slash the giant cockroach!
You kill the giant cockroach!
Trog accepts your kill.
You hit the goblin but do no damage. The goblin barely misses you.
You hit the goblin.
The goblin is severely wounded.
The goblin hits you with a dagger.
You hit the goblin.
You kill the goblin!
Trog accepts your kill.
No target in view!
No target in view!
No target in view!
You butcher the giant cockroach corpse.
d - 2 chunks of flesh {@w0}
Things that are here:
a dagger; a goblin corpse You butcher the goblin corpse.
d - 5 chunks of flesh {@w0} (gained 3)
You see here a dagger. x2
e - a silvery potion
f - a scroll labeled DUITUNICSAM
g - a scroll labeled DEUTUI AR NOPH You open the door.
A hobgoblin comes into view.
The hobgoblin shouts!
There is an open door here.
The hobgoblin closely misses you.
Found a stone staircase leading down.
You closely miss the hobgoblin. The hobgoblin misses you.
You hit the hobgoblin.
You kill the hobgoblin!
Trog accepts your kill.
No target in view!
No target in view!
h - an agate ring Put on which piece of jewellery? (? for menu, Esc to quit)
You feel clever.
h - a +5 ring of intelligence (left hand)
A kobold comes into view.
The kobold shouts!
A goblin comes into view. It is wielding a dagger.
There is a stone staircase leading down here.
The goblin shouts!
You climb downwards.
A worm comes into view.
There is a stone staircase leading up here.
A hobgoblin comes into view. It is wielding a club.
The hobgoblin shouts!
You hit the worm.
The worm is lightly wounded.
The worm bites you but does no damage.
You barely miss the worm. You barely miss the hobgoblin.
The hobgoblin hits you with a club.
You hit the worm.
The worm is lightly wounded.
You completely miss the hobgoblin. The worm barely misses you.
The hobgoblin barely misses you.
You hit the worm.
The worm is heavily wounded.
You hit the hobgoblin. The hobgoblin hits you with a club. The worm bites you!
You are too injured to fight recklessly!
You are too injured to fight recklessly!
You are too injured to fight recklessly!
You are too injured to fight recklessly!
A red film seems to cover your vision as you go berserk!
You feel yourself moving faster!
You feel mighty!
You feel a lot more hungry. The hobgoblin barely misses you.
You slash the worm!
The worm is almost dead.
You slash the hobgoblin!
You kill the hobgoblin!
Trog accepts your kill. The worm bites you!
* * * LOW HITPOINT WARNING * * *
You barely miss the worm.
The worm is almost dead.
You hit the worm but do no damage.
The worm is almost dead.
The worm bites you!
You die...

#######.....
#...........
#...........
#...........
#...<...#
#.......#
#.......#
#.......#
#...@...#
#..)w.).#
#.......#
#.......#
#.......#
#.......#
#########


You could see a worm.

Vanquished Creatures
  2 giant cockroaches (D:1)
  2 hobgoblins
  A goblin (D:1)
5 creatures vanquished.

Notes
Turn   | Place    | Note
-------+----------+-------------------------------------------
     0 | D:1      | Mgcat the Hill Orc Berserker began the quest for the Orb.
     0 | D:1      | Reached XP level 1. HP: 19/19 MP: 1/1
   156 | D:2      | HP: 1/28 [worm (8)]
   158 | D:2      | Mangled by a worm

Vault maps used:
D:1:      nicolae_arrival_memento_mori
D:2:      dancing_weapons_uskayaw, chequers_temple_overflow_statue_of_worship,
          chequers_ecumenical_altar_simple, lemuel_statue_altar, uniq_sigmund

Action                   || total
-------------------------++-------
Melee: Hand axe          ||    17
Invok: Berserk           ||     1
Armor: Animal skin       ||     2
Dodge: Dodged            ||    10

Table legend:
 A = Spawn XP
 B = Non-spawn XP
 C = Spawn XP percentage of total XP
 D = Spawn monster count
 E = Non-spawn monster count
 F = Spawn count percentage of total count
 G = Total turns spent on level
                    A         B        C        D         E        F      G
               +---------+---------+-------+---------+---------+-------+---------
         Total |       0 |       9 |   0.0 |       0 |       5 |   0.0 |   158
               +---------+---------+-------+---------+---------+-------+---------
           D:1 |       0 |       7 |   0.0 |       0 |       4 |   0.0 |   146
           D:2 |       0 |       2 |   0.0 |       0 |       1 |   0.0 |    12
               +---------+---------+-------+---------+---------+-------+---------

Vault maps used:
D:1:      nicolae_arrival_memento_mori
D:2:      dancing_weapons_uskayaw, chequers_temple_overflow_statue_of_worship,
          chequers_ecumenical_altar_simple, lemuel_statue_altar, uniq_sigmund

Table legend:
 A = Turns spent in this place as a percentage of turns spent in the entire game.
 B = Non-inter-level travel turns spent in this place as a percentage of non-inter-level travel turns spent in the entire game.
 C = Inter-level travel turns spent in this place as a percentage of turns spent in this place.
 D = Turns resting spent in this place as a percentage of non-inter-level travel turns spent in this place.
 E = Turns spent auto-exploring this place as a percentage of non-inter-level travel turns spent in this place.
 F = Non-inter-level travel turns spent in this place divided by the number of levels of this place that you've seen.
                   A       B       C       D       E      F
               +-------+-------+-------+-------+-------+----------------------
         Total | 100.0 | 100.0 |   0.0 |   0.0 |  76.6 |  79.0
       Dungeon | 100.0 | 100.0 |   0.0 |   0.0 |  76.6 |  79.0
               +-------+-------+-------+-------+-------+----------------------

Table legend:
 A = Kills in this place as a percentage of kills in entire the game.
 B = Kills by you in this place as a percentage of kills by you in the entire game.
 C = Kills by friends in this place as a percentage of kills by friends in the entire game.
 D = Other kills in this place as a percentage of other kills in the entire game.
 E = Experience gained in this place as a percentage of experience gained in the entire game.
 F = Experience gained in this place divided by the number of levels of this place that you have seen.
                   A       B       C       D       E      F
               +-------+-------+-------+-------+-------+----------------------
         Total | 100.0 | 100.0 |   N/A |   N/A | 100.0 |   4.5
       Dungeon | 100.0 | 100.0 |   N/A |   N/A | 100.0 |   4.5
               +-------+-------+-------+-------+-------+----------------------
